[Event "Titled Tuesday Blitz April 26 Early 2022"]
[White "Migot, Tangi"]
[Black "Stribuk, Artiom"]
[WhiteFideId "662445"]
[BlackFideId "13515659"]
[WhiteElo "2545"]
[BlackElo "2259"]
[Result "0-1"]
[Round "03"]
[TimeControl "180+1"]
[Date "2022.04.26"]
[WhiteClock "0:00:08"]
[BlackClock "0:00:11"]

1. Nf3 Nf6 2. g3 g6 3. Bg2 Bg7 4. O-O d5 5. b3 O-O 6. Bb2 Nbd7 7. e3 Re8 8. Ne5 c6 9. Nxd7 Bxd7 10. f4 Nh5 11. Bxg7 Nxg7 12. d4 Bf5 13. Nd2 a5 14. c4 h5 15. cxd5 cxd5 16. Rc1 e6 17. Qe2 Qb6 18. Rc5 Red8 19. Rfc1 Ne8 20. h3 Qa6 21. Qxa6 Rxa6 22. Bf1 Raa8 23. Kg2 Nd6 24. Kf3 a4 25. b4 a3 26. Ra5 Rxa5 27. bxa5 Ra8 28. Rc5 Kf8 29. g4 hxg4+ 30. hxg4 Be4+ 31. Kf2 Ke8 32. Be2 Kd7 33. Ke1 Rh8 34. Rc3 Rh1+ 35. Nf1 Nc4 36. Kf2 Nxa5 37. Rxa3 Nc6 38. Rc3 Kc7 39. Bb5 Kb6 40. a4 Rh8 41. Rb3 Kc7 42. Ng3 Rh2+ 43. Kf1 Bc2 44. Rc3 Bd1 45. g5 Kb6 46. Kg1 Ra2 47. Rc5 Bxa4 48. Bxa4 Rxa4 49. f5 gxf5 50. Kf2 Ra2+ 51. Kf3 Ra8 52. Kf4 Kc7 53. Nh5 b6 54. Rc2 b5 55. Ng7 b4 56. g6 fxg6 57. Nxe6+ Kb6 58. Nc5 Kb5 59. Rg2 Ra3 60. Rxg6 b3 61. Rg7 Nb4 62. Rb7+ Kc4 63. Nxb3 Rxb3 64. Kxf5 Rxe3 65. Kf4 Re4+ 66. Kf5 Nc2 67. Rc7+ Kd3 68. Rc5 Nxd4+ 69. Kf6 Re6+ 70. Kf7 Ke4 71. Rc1 Re5 72. Re1+ Kf5 73. Rf1+ Kg4 74. Kf6 Rf5+ 75. Rxf5 Nxf5 76. Ke5 d4 77. Ke4 Kg5 78. Ke5 Kg6 79. Ke4 Kf6 80. Kd3 Ke5 81. Kc4 Ke4 0-1


[Site "https://www.chess.com"]

[Event "Titled Tuesday Blitz April 26 Early 2022"]
[White "Mika, Tomasz"]
[Black "Pinheiro, Iung Alicio de O."]
[WhiteFideId "1132970"]
[BlackFideId "2104350"]
[WhiteElo "2116"]
[BlackElo "2470"]
[Result "0-1"]
[Round "03"]
[TimeControl "180+1"]
[Date "2022.04.26"]
[WhiteClock "0:00:12"]
[BlackClock "0:00:19"]

1. d4 Nf6 2. Nf3 g6 3. g3 Bg7 4. Bg2 O-O 5. O-O d5 6. c4 dxc4 7. Na3 c3 8. bxc3 c5 9. Bb2 Nc6 10. Re1 Bf5 11. d5 Na5 12. c4 Be4 13. Bc3 b6 14. Ne5 Bxg2 15. Kxg2 Nd7 16. f4 Qc7 17. Nb5 Qc8 18. Qd3 Nxe5 19. fxe5 Nb7 20. Rf1 Qd7 21. Rf3 a6 22. Na3 Rad8 23. Raf1 e6 24. d6 Qc6 25. Nc2 b5 26. Ne3 h5 27. g4 b4 28. Ba1 h4 29. g5 Nxd6 30. exd6 Rxd6 31. Qc2 Bxa1 32. Rxa1 Rd4 33. h3 Rfd8 34. Ng4 Rd2 35. Nf6+ Kg7 36. Qb3 Rxe2+ 37. Kh1 Rf2 0-1


[Site "https://www.chess.com"]

[Event "Titled Tuesday Blitz April 26 Early 2022"]
[White "Mikhnenko, Alexander"]
[Black "Mohammadian, Mohammad"]
[WhiteFideId "34143014"]
[BlackFideId "12566055"]
[WhiteElo "2117"]
[BlackElo "1544"]
[Result "1-0"]
[Round "03"]
[TimeControl "180+1"]
[Date "2022.04.26"]
[WhiteClock "0:01:31"]
[BlackClock "0:00:52"]

1. e4 e5 2. Nf3 Nc6 3. Bb5 a6 4. Ba4 Nf6 5. Qe2 b5 6. Bb3 Be7 7. O-O O-O 8. c3 d6 9. Rd1 Bg4 10. h3 Bh5 11. d3 h6 12. Nbd2 Re8 13. Nf1 Bf8 14. g4 Bg6 15. Ng3 d5 16. Nh4 Nxe4 17. dxe4 Qxh4 18. Bxd5 Bc5 19. Be3 Nd4 20. cxd4 exd4 21. Bxd4 Bxd4 22. Rxd4 Rad8 23. Rad1 c6 24. Bxc6 Rxd4 25. Rxd4 Rc8 26. Rd6 Qe7 27. Qd2 Qc7 28. Kg2 Qb6 29. Bd5 Qc5 30. Rxg6 Rd8 31. Qxh6 Kf8 32. Qxg7+ Ke7 33. Qxf7# 1-0


[Site "https://www.chess.com"]

[Event "Titled Tuesday Blitz April 26 Early 2022"]
[White "Minko, Dmitry"]
[Black "Akrakan"]
[WhiteFideId "24188468"]
[WhiteElo "1928"]
[BlackElo "2042"]
[Result "1-0"]
[Round "03"]
[TimeControl "180+1"]
[Date "2022.04.26"]
[WhiteClock "0:00:07"]
[BlackClock "0:00:19"]

1. e4 c5 2. Nf3 Nc6 3. d4 cxd4 4. Nxd4 Nf6 5. Nc3 d6 6. Bg5 Qa5 7. Qd2 Nxd4 8. Bxf6 Nxc2+ 9. Qxc2 gxf6 10. Bb5+ Bd7 11. Bxd7+ Kxd7 12. Qb3 Qb6 13. Qxb6 axb6 14. Nd5 Ra6 15. O-O e6 16. Nxf6+ Ke7 17. Ng4 Bg7 18. Rac1 Kd7 19. Rc2 Rc8 20. Rd2 Rxa2 21. Rfd1 Rc6 22. e5 d5 23. f4 h5 24. Ne3 Bf8 25. Kh1 Bc5 26. Nf1 Bb4 27. Re2 Rc4 28. g3 Kc6 29. Ne3 Re4 30. Rc2+ Bc5 31. Ng2 Kb5 32. Ne1 Rc4 33. Re2 Rb4 34. Nd3 Rb3 35. h3 Ra8 36. Kg2 Rg8 37. Rdd2 Kc6 38. Kf3 Rb5 39. g4 hxg4+ 40. hxg4 Ra5 41. Rc2 Kd7 42. f5 Ra4 43. Nf4 Be7 44. Rh2 Bg5 45. fxe6+ fxe6 46. Rh7+ Ke8 47. Rc8+ Bd8 48. Nxe6 Rf8+ 49. Nxf8 Ra1 50. Ne6 Rf1+ 51. Ke2 1-0


[Site "https://www.chess.com"]

[Event "Titled Tuesday Blitz April 26 Early 2022"]
[White "Moiseenko, Alexander"]
[Black "Le, Tuan Minh"]
[WhiteFideId "14102560"]
[BlackFideId "12401153"]
[WhiteElo "2577"]
[BlackElo "2450"]
[Result "1-0"]
[Round "03"]
[TimeControl "180+1"]
[Date "2022.04.26"]
[WhiteClock "0:00:06"]
[BlackClock "0:00:12"]

1. d4 d5 2. c4 c6 3. Nc3 Nf6 4. Nf3 a6 5. c5 Nbd7 6. Bf4 Nh5 7. Bd2 Nhf6 8. Bf4 Nh5 9. g3 Nxf4 10. gxf4 g6 11. h4 Bg7 12. h5 b6 13. cxb6 Qxb6 14. Qd2 e6 15. Rc1 O-O 16. e3 Rb8 17. Na4 Qc7 18. Bd3 Qd6 19. b3 Bb7 20. hxg6 hxg6 21. Ne5 c5 22. Nxd7 Qxd7 23. Nxc5 Qe7 24. Bxa6 Ba8 25. Ke2 Rfd8 26. a4 Bc6 27. Bd3 Be8 28. a5 Kf8 29. a6 Rb6 30. Ra1 Ra8 31. Qa5 Qd6 32. Rhc1 g5 33. fxg5 e5 34. dxe5 Bxe5 35. f4 Bxa1 36. Qxa1 Ke7 37. Qd4 Bb5 38. Bxb5 Rxb5 39. Kf2 Rc8 40. b4 Rcb8 41. a7 Ra8 42. Ra1 Qb6 43. Qe5+ Kd8 44. Qh8+ Ke7 45. Qxa8 Rxb4 46. Qb7+ Qxb7 47. Nxb7 Rb2+ 48. Kf3 1-0


[Site "https://www.chess.com"]

[Event "Titled Tuesday Blitz April 26 Early 2022"]
[White "Molina, Roberto Junio Brito"]
[Black "Rosenberg, Evan S"]
[WhiteFideId "2109450"]
[BlackFideId "2019299"]
[WhiteElo "2432"]
[BlackElo "2346"]
[Result "1-0"]
[Round "03"]
[TimeControl "180+1"]
[Date "2022.04.26"]
[WhiteClock "0:00:05"]
[BlackClock "0:00:04"]

1. e4 e5 2. Nf3 Nc6 3. Bb5 Nf6 4. O-O Nxe4 5. d4 Nd6 6. Bxc6 dxc6 7. dxe5 Nf5 8. Qxd8+ Kxd8 9. Rd1+ Ke8 10. Nc3 Ne7 11. h3 Ng6 12. Ne4 Bf5 13. Re1 Be7 14. Bg5 h6 15. Bxe7 Kxe7 16. g4 Be6 17. Nc5 Rab8 18. Nd4 Nf4 19. Kh2 Rhd8 20. Re4 g5 21. c4 h5 22. f3 hxg4 23. hxg4 Rh8+ 24. Kg1 Rbd8 25. Rae1 Bxc4 26. Nf5+ Kf8 27. Rxc4 Rd2 28. Ne3 Nh3+ 29. Kh1 Nf2+ 30. Kg2 Nd3+ 31. Kg3 Nxe1 32. Ne4 Rxb2 33. Nxg5 Rh1 34. Rd4 Rg1+ 35. Kf4 Ng2+ 36. Nxg2 Rgxg2 37. Rd7 Rb4+ 38. Kf5 Ke8 39. Rxc7 c5 40. Nxf7 Rxa2 41. e6 Ra3 42. Nd6+ Kd8 43. Rd7# 1-0


[Site "https://www.chess.com"]

[Event "Titled Tuesday Blitz April 26 Early 2022"]
[White "Mortazavi, Ali"]
[Black "Kamsky, Gata"]
[WhiteFideId "401323"]
[BlackFideId "2000024"]
[WhiteElo "2339"]
[BlackElo "2645"]
[Result "0-1"]
[Round "03"]
[TimeControl "180+1"]
[Date "2022.04.26"]
[WhiteClock "0:00:02"]
[BlackClock "0:00:31"]

1. Nf3 Nf6 2. g3 g6 3. Bg2 Bg7 4. O-O O-O 5. d3 d5 6. Nbd2 c5 7. e3 Nc6 8. e4 Bg4 9. h3 Bxf3 10. Qxf3 e6 11. c3 Qc7 12. Qe2 Rad8 13. f4 b5 14. e5 Nd7 15. Nf3 d4 16. Bd2 Nb6 17. Kh2 Na4 18. Rab1 Rd7 19. cxd4 Nxd4 20. Nxd4 Rxd4 21. b3 Nb6 22. Be3 Rfd8 23. Bxd4 Rxd4 24. Rbc1 Bf8 25. Be4 a5 26. h4 Qd8 27. Rf2 Nd5 28. h5 Nb4 29. hxg6 hxg6 30. Rf3 Qd7 31. Rg1 c4 32. bxc4 bxc4 33. Rd1 c3 34. Rc1 Qc7 35. g4 Nd5 36. Kg3 g5 37. Bxd5 Rxd5 38. Rh1 Bg7 39. f5 Rxe5 40. Qh2 Re2+ 0-1


[Site "https://www.chess.com"]

[Event "Titled Tuesday Blitz April 26 Early 2022"]
[White "Moskalenko, Alexander"]
[Black "Khusenkhojaev, Muhammad"]
[WhiteFideId "4155351"]
[BlackFideId "14700247"]
[WhiteElo "2434"]
[BlackElo "2180"]
[Result "1-0"]
[Round "03"]
[TimeControl "180+1"]
[Date "2022.04.26"]
[WhiteClock "0:01:36"]
[BlackClock "0:00:56"]

1. e4 c5 2. Nf3 d6 3. d4 cxd4 4. Nxd4 Nf6 5. Nc3 a6 6. h3 e6 7. g4 Qc7 8. Be3 b5 9. g5 Nfd7 10. a3 Bb7 11. h4 Nc6 12. h5 Rc8 13. Rg1 g6 14. Be2 Nb6 15. Nxc6 Bxc6 16. Qd4 Na4 17. Qxh8 Nxb2 18. hxg6 hxg6 19. Rb1 Bxe4 20. Nxe4 Qxc2 21. Qxb2 Qxe4 22. Rc1 Rb8 23. Qb4 Qe5 24. Qd4 Qh2 25. Rf1 d5 26. Qf4 1-0


[Site "https://www.chess.com"]

[Event "Titled Tuesday Blitz April 26 Early 2022"]
[White "Myshakov, Fyodor"]
[Black "Vokhidov, Shamsiddin"]
[WhiteFideId "14111284"]
[BlackFideId "14204223"]
[WhiteElo "2310"]
[BlackElo "2611"]
[Result "0-1"]
[Round "03"]
[TimeControl "180+1"]
[Date "2022.04.26"]
[WhiteClock "0:01:25"]
[BlackClock "0:02:40"]

1. c4 e5 2. Nc3 Nf6 3. Nf3 Nc6 4. g3 Bb4 5. Nd5 e4 6. Nh4 O-O 7. Nxb4 Nxb4 8. Nf5 d5 9. cxd5 Bxf5 10. Bg2 Nbxd5 11. O-O Qd7 12. b3 Bh3 13. Bb2 Bxg2 14. Kxg2 Rad8 15. Qc2 Rfe8 16. Rac1 Nb4 17. Qxc7 Qxc7 18. Rxc7 Rxd2 19. Bxf6 gxf6 20. Rxb7 a5 21. a3 Nc2 22. a4 Rxe2 23. Rc1 e3 0-1


[Site "https://www.chess.com"]

[Event "Titled Tuesday Blitz April 26 Early 2022"]
[White "Nakamura, Hikaru"]
[Black "Yuan, Qingyu"]
[WhiteFideId "2016192"]
[BlackFideId "8609772"]
[WhiteElo "3222"]
[BlackElo "2846"]
[Result "1-0"]
[Round "03"]
[TimeControl "180+1"]
[Date "2022.04.26"]
[WhiteClock "0:02:10"]
[BlackClock "0:01:23"]

1. Nf3 d5 2. e3 c5 3. b3 Nf6 4. Bb2 g6 5. Bxf6 exf6 6. c3 Bg7 7. d4 cxd4 8. Nxd4 O-O 9. g3 Qe7 10. Bg2 Rd8 11. O-O Nc6 12. Qd3 f5 13. Nd2 Ne5 14. Qe2 Be6 15. Rac1 Rac8 16. Rfd1 a6 17. N2f3 Nd7 18. Nxe6 fxe6 19. c4 dxc4 20. Rxc4 Nb6 21. Rxc8 Rxc8 22. Nd4 Rd8 23. Qc2 Rc8 24. Qd3 Rd8 25. Nxf5 Rxd3 26. Nxe7+ Kf7 27. Rxd3 Kxe7 28. Bxb7 a5 29. Bc6 1-0


[Site "https://www.chess.com"]

[Event "Titled Tuesday Blitz April 26 Early 2022"]
[White "Nazari, Arad"]
[Black "Skliarov, Viktor"]
[WhiteFideId "12577324"]
[BlackFideId "14106736"]
[WhiteElo "2129"]
[BlackElo "2229"]
[Result "0-1"]
[Round "03"]
[TimeControl "180+1"]
[Date "2022.04.26"]
[WhiteClock "0:00:04"]
[BlackClock "0:00:05"]

1. e4 c5 2. Nf3 Nc6 3. Bb5 e6 4. O-O Nge7 5. c3 a6 6. Bxc6 Nxc6 7. d4 cxd4 8. cxd4 d5 9. exd5 exd5 10. Bg5 Be7 11. Bxe7 Nxe7 12. Re1 O-O 13. Nc3 h6 14. Qb3 b5 15. Re5 Be6 16. Rae1 Qd6 17. h3 Rac8 18. Ne2 Ng6 19. Re3 Nf4 20. Ne5 Nxe2+ 21. R3xe2 Rc7 22. Qg3 Rfc8 23. b3 Rc3 24. Qh4 Rc1 25. f4 Rxe1+ 26. Qxe1 Bf5 27. Re3 b4 28. Qh4 a5 29. Rg3 Rc2 30. Ng4 Bxg4 31. Qxg4 Qf6 32. Kh2 Rxa2 33. Qc8+ Kh7 34. Qc5 Qxf4 35. Qxd5 g6 36. Qc4 h5 37. d5 Qe5 38. d6 Qxd6 39. Qxf7+ Kh6 40. Qg8 Qf6 41. Qb8 h4 42. Rg4 Rf2 43. Qc7 Rf5 44. Qc1+ g5 45. Rxh4+ Kg6 46. Rg4 Qd6+ 47. Kh1 Rd5 48. Qc2+ Kh6 49. Qc8 Rd1# 0-1


[Site "https://www.chess.com"]

[Event "Titled Tuesday Blitz April 26 Early 2022"]
[White "Nguyen, Hong Anh"]
[Black "Cramling Bellon, Anna"]
[WhiteFideId "12406732"]
[BlackFideId "32009232"]
[WhiteElo "2016"]
[BlackElo "1905"]
[Result "1-0"]
[Round "03"]
[TimeControl "180+1"]
[Date "2022.04.26"]
[WhiteClock "0:00:46"]
[BlackClock "0:00:09"]

1. d4 Nf6 2. Nf3 d5 3. g3 c5 4. Bg2 Nc6 5. O-O cxd4 6. Nxd4 e5 7. Nxc6 bxc6 8. c4 Be7 9. Nc3 Be6 10. Bg5 e4 11. Qa4 O-O 12. Qxc6 Rc8 13. Qa6 Rxc4 14. Rfd1 Qa8 15. Rac1 h6 16. Bxf6 Bxf6 17. h4 Rfc8 18. e3 Bxc3 19. bxc3 Rxc3 20. Rxc3 Rxc3 21. Rb1 Rc6 22. Qa5 a6 23. Bf1 Qc8 24. Kg2 Bh3+ 25. Kg1 Rc1 26. Rxc1 Qxc1 27. Qxa6 Qa1 28. a4 Bxf1 29. Qxf1 Qxa4 30. Qc1 Qc4 31. Qb2 Qd3 32. Kg2 Qd1 33. Qe5 Qf3+ 34. Kg1 Qd1+ 35. Kh2 Qd2 36. Qe8+ Kh7 37. Qxf7 Qd1 38. Kg2 Qd3 39. Qf5+ Kg8 40. h5 Qd2 41. Qe6+ Kh7 42. Qf7 Qd3 43. g4 Qd1 44. Qg6+ Kg8 45. Qe6+ Kh7 46. Qf5+ Kg8 47. Kh2 Qd2 48. Kg3 Qd1 49. Kf4 Qf3+ 50. Ke5 Qxf5+ 51. Kxf5 Kf7 52. Ke5 Ke7 53. Kxd5 Kf6 54. Kxe4 Kg5 55. Kf3 g6 56. hxg6 Kxg6 57. Kg3 Kg5 58. f4+ Kf6 59. Kh4 Kg6 60. e4 Kf6 61. e5+ Kg6 62. f5+ Kf7 63. e6+ 1-0


[Site "https://www.chess.com"]

[Event "Titled Tuesday Blitz April 26 Early 2022"]
[White "Noboa Silva, Kevin"]
[Black "Onslow, Alfie"]
[WhiteFideId "3618471"]
[BlackFideId "436976"]
[WhiteElo "2172"]
[BlackElo "1884"]
[Result "1-0"]
[Round "03"]
[TimeControl "180+1"]
[Date "2022.04.26"]
[WhiteClock "0:00:10"]
[BlackClock "0:00:20"]

1. e4 c5 2. c3 Nf6 3. e5 Nd5 4. d4 cxd4 5. cxd4 d6 6. Nf3 Nc6 7. Bc4 Nb6 8. Bb5 Bg4 9. d5 a6 10. dxc6 axb5 11. cxb7 Rb8 12. Qe2 Nc4 13. b3 Nxe5 14. Qxb5+ Qd7 15. Qxd7+ Nxd7 16. Nbd2 Rxb7 17. O-O Nf6 18. Bb2 e6 19. h3 Bh5 20. Rfc1 Kd7 21. g4 Bg6 22. a4 Nd5 23. a5 Ra7 24. Bd4 Ra6 25. Ra4 e5 26. Bb2 Be7 27. b4 Rb8 28. Bc3 Rc6 29. Bb2 Rxc1+ 30. Bxc1 Rxb4 31. Ra1 Nf4 32. a6 Rb8 33. a7 Ra8 34. Nc4 Ne2+ 35. Kf1 Nxc1 36. Nb6+ Kc6 37. Nxa8 Nb3 38. Nb6 Bd3+ 39. Kg2 Nxa1 40. a8=Q+ Kxb6 41. Qxa1 Bb5 42. Qb2 Kc5 43. Qc3+ Bc4 44. Nd2 d5 45. Nxc4 dxc4 46. Qxe5+ Kb4 47. Qxe7+ Kb3 48. Qxf7 Kb2 49. Qxg7+ c3 50. Qxh7 c2 51. Qxc2+ Kxc2 52. g5 1-0


[Site "https://www.chess.com"]

[Event "Titled Tuesday Blitz April 26 Early 2022"]
[White "Nozdrachev, Leonid"]
[Black "Ivic, Velimir"]
[WhiteFideId "24113433"]
[BlackFideId "950122"]
[WhiteElo "2242"]
[BlackElo "2610"]
[Result "0-1"]
[Round "03"]
[TimeControl "180+1"]
[Date "2022.04.26"]
[WhiteClock "0:00:02"]
[BlackClock "0:00:11"]

1. e4 c5 2. c3 Nf6 3. e5 Nd5 4. d4 cxd4 5. Nf3 e6 6. cxd4 d6 7. Bd3 Be7 8. a3 O-O 9. O-O Bd7 10. Qc2 h6 11. Qe2 Bc6 12. Qe4 Nf6 13. Qe2 Nd5 14. Qe4 Nf6 15. Qe2 Nfd7 16. Nc3 Bxf3 17. Qxf3 Nc6 18. Qe4 f5 19. exf6 Rxf6 20. d5 Nce5 21. dxe6 Nf8 22. Bb1 Rc8 23. f4 Ng4 24. Nd5 Rxe6 25. Qf3 Nf6 26. Ba2 Kh8 27. Be3 Rc2 28. Bd4 Ree2 29. Ne3 Rcd2 30. Bc3 d5 31. Nf5 Bc5+ 32. Kh1 Rxg2 33. Bxd2 Rxd2 34. b4 Bb6 35. Bb3 Ne4 36. Rae1 Nf2+ 37. Rxf2 Rxf2 38. Qg3 Qf6 39. Ne3 Bxe3 40. Rxe3 Rf1+ 41. Kg2 Rxf4 42. Rf3 Rxf3 43. Qxf3 Qxf3+ 44. Kxf3 d4 45. Ke4 g5 46. Kxd4 Kg7 47. Bd5 b6 48. Ke5 Nd7+ 49. Kd6 Nf6 50. Bh1 Ng4 51. h3 Nf2 52. Bg2 Kf6 53. Kc6 Ke5 54. Kb7 Kd6 55. Kxa7 Kc7 56. a4 Nd3 57. b5 Nc5 58. a5 bxa5 59. b6+ Kd6 60. b7 Nd7 61. b8=Q+ Nxb8 62. Kxb8 a4 63. Be4 a3 64. Bb1 h5 65. Kb7 g4 66. hxg4 hxg4 67. Kb6 g3 68. Be4 a2 69. Kb5 a1=Q 70. Kc4 Qe5 71. Bd3 g2 72. Kb3 g1=Q 73. Be4 Qb6+ 74. Kc4 Qed4# 0-1


[Site "https://www.chess.com"]

[Event "Titled Tuesday Blitz April 26 Early 2022"]
[White "Odegov, Artem"]
[Black "Chincholimath, Halsagar"]
[WhiteFideId "34183644"]
[BlackFideId "5022487"]
[WhiteElo "2286"]
[BlackElo "1737"]
[Result "1-0"]
[Round "03"]
[TimeControl "180+1"]
[Date "2022.04.26"]
[WhiteClock "0:00:13"]
[BlackClock "0:00:18"]

1. d4 d5 2. c4 c6 3. Nf3 Nf6 4. Nc3 dxc4 5. a4 Bf5 6. Ne5 Nbd7 7. Nxc4 Nb6 8. Ne5 Nfd7 9. Nf3 a5 10. e4 Bg6 11. Bf4 e6 12. h4 Bb4 13. Bd3 Bh5 14. Qc2 Nf6 15. O-O-O Qe7 16. Rd2 Bxf3 17. gxf3 Bxc3 18. Qxc3 Nxa4 19. Qb3 Qb4 20. Qxb4 axb4 21. Rg1 Rg8 22. Bg5 Nd7 23. h5 h6 24. Be3 Ke7 25. f4 Ra5 26. f5 c5 27. fxe6 fxe6 28. d5 Ne5 29. Be2 c4 30. Rd4 Nd3+ 31. Bxd3 cxd3 32. Rxb4 Rc8+ 33. Kd2 Nc5 34. Rxg7+ Kf6 35. Rg6+ Kf7 36. Bxc5 Raxc5 37. Rxb7+ R8c7 38. Rxc7+ Rxc7 39. dxe6+ Ke7 40. Rg7+ Kd6 41. Rxc7 Kxc7 42. f4 1-0


[Site "https://www.chess.com"]

[Event "Titled Tuesday Blitz April 26 Early 2022"]
[White "Okike, David"]
[Black "Dixit, Nikhil"]
[WhiteFideId "8500134"]
[BlackFideId "5059534"]
[WhiteElo "2232"]
[BlackElo "2223"]
[Result "1/2-1/2"]
[Round "03"]
[TimeControl "180+1"]
[Date "2022.04.26"]
[WhiteClock "0:01:20"]
[BlackClock "0:00:38"]

1. e4 e6 2. d4 d5 3. Nc3 dxe4 4. Nxe4 Bd7 5. Nf3 Bc6 6. Bd3 Nd7 7. O-O Ngf6 8. Nxf6+ Qxf6 9. c3 Bxf3 10. gxf3 Bd6 11. Kg2 Qh4 12. Rh1 Nf6 13. Qd2 Nd5 14. Qg5 Qxg5+ 15. Bxg5 Bf4 16. Bh4 Bd6 17. Bg3 Nf4+ 18. Bxf4 Bxf4 19. Rhe1 c6 20. Re4 Bd6 21. Rae1 O-O-O 22. Rg4 g6 23. Rh4 h5 24. Rhe4 Kc7 25. Bc4 g5 26. h3 h4 27. R4e2 Bf4 28. Re4 Rd6 29. R4e2 Rhd8 30. Re4 b6 31. R4e2 c5 32. dxc5 bxc5 33. Kf1 Rd2 34. Rxd2 Rxd2 35. Re2 Rd1+ 36. Re1 Rd2 37. Re2 Rd6 38. Ke1 Kd7 39. Rc2 Ke7 40. Ke2 f5 41. Ke1 Kf6 42. Be2 a5 43. b3 e5 44. Bd1 e4 45. fxe4 fxe4 46. Bg4 Ke5 47. Ke2 Rd8 48. Ke1 Kd5 49. Re2 Re8 50. Bf5 Re5 51. Bg4 c4 52. Kd1 Kc5 53. Kc2 Rd5 54. Be6 cxb3+ 55. axb3 Rd3 56. Bf5 Rf3 57. Bg4 Rd3 58. Bf5 Be5 59. Rxe4 Rxc3+ 60. Kd2 Bd4 61. Rg4 Rxb3 62. Bd3 Rb2+ 63. Bc2 Bf6 64. Kc1 Rb4 65. Bd1 Rxg4 66. Bxg4 Kb4 67. Kb1 a4 68. Ka2 Bd4 69. f3 Bc5 70. Bh5 a3 71. Bg4 Ka5 72. Kb3 Kb6 73. Be6 Kc7 74. Bg4 Kd6 75. Bh5 Ke5 76. Bg4 Kf4 77. Bh5 Ke3 78. Bg4 Kf2 79. Bh5 Kf1 80. Bg4 Kg2 81. Ka2 Kf2 82. Kb3 Ke1 83. Ka2 Kd2 84. Kb3 Ke3 85. Ka2 Kd4 86. Bh5 Ke5 87. Bg4 Kf4 88. Bh5 Bf2 89. Bg4 Bg3 90. Bh5 Bf2 91. Bg4 Bg3 92. Kxa3 Ke5 93. Kb3 Bf4 94. Kc4 Bg3 95. Kd3 Bf4 96. Kc4 Bg3 97. Kd3 Bf4 98. Kc4 1/2-1/2


[Site "https://www.chess.com"]

[Event "Titled Tuesday Blitz April 26 Early 2022"]
[White "Oparin, Grigoriy"]
[Black "Yang, Kaiqi"]
[WhiteFideId "24125890"]
[BlackFideId "8604398"]
[WhiteElo "2665"]
[BlackElo "2373"]
[Result "1-0"]
[Round "03"]
[TimeControl "180+1"]
[Date "2022.04.26"]
[WhiteClock "0:01:20"]
[BlackClock "0:00:02"]

1. d4 e6 2. c4 f5 3. Nf3 Nf6 4. g3 d5 5. Bg2 c6 6. O-O Bd6 7. Nbd2 O-O 8. Ne5 Nbd7 9. Nd3 Qe7 10. b3 a5 11. Nf3 Ne4 12. Bf4 Bxf4 13. Nxf4 b6 14. Nd3 Ba6 15. Rc1 Rac8 16. Nfe5 Nxe5 17. Nxe5 Rfd8 18. cxd5 cxd5 19. Nc6 Qa3 20. Nxd8 Rxd8 21. Rc2 a4 22. Qc1 Qb4 23. Rd1 axb3 24. axb3 Qxb3 25. Rb2 Qc3 26. Rxb6 Bxe2 27. Qxc3 Nxc3 28. Rc1 Ne4 29. Rxe6 Bc4 30. f3 Nf6 31. Bh3 f4 32. Rc6 fxg3 33. hxg3 Ra8 34. Rc8+ Rxc8 35. Bxc8 Kf7 36. Kf2 h6 37. Ra1 g5 38. Bf5 h5 39. Ra7+ Kf8 40. Bg6 h4 41. Rf7+ 1-0


[Site "https://www.chess.com"]

[Event "Titled Tuesday Blitz April 26 Early 2022"]
[White "Oye-Stromberg, Alexander"]
[Black "Xu, Yi"]
[WhiteFideId "1525999"]
[BlackFideId "8605564"]
[WhiteElo "1934"]
[BlackElo "2471"]
[Result "1/2-1/2"]
[Round "03"]
[TimeControl "180+1"]
[Date "2022.04.26"]
[WhiteClock "0:00:12"]
[BlackClock "0:00:04"]

1. e4 c5 2. Ne2 d6 3. Nbc3 Nf6 4. g3 g6 5. Bg2 Nc6 6. O-O Bg7 7. d4 cxd4 8. Nxd4 Nxd4 9. Qxd4 O-O 10. Qd3 Be6 11. b3 Rc8 12. Bb2 Nd7 13. f4 Qa5 14. Nd1 Bxb2 15. Nxb2 Rc3 16. Qd2 Qc7 17. Rf2 Nf6 18. Nd1 Rc5 19. c4 b5 20. cxb5 Rxb5 21. h3 Rc8 22. Ne3 Rc5 23. g4 a5 24. g5 Nh5 25. f5 Bd7 26. Nd5 Rxd5 27. exd5 Bxf5 28. Re1 a4 29. Qe2 axb3 30. axb3 Re8 31. Qe3 Qb7 32. Rb2 Qb4 33. Kh1 Nf4 34. Kh2 Nd3 35. Ree2 Nxb2 36. Rxb2 Qa3 37. Re2 Qb4 38. Rb2 Bd7 39. Re2 Bb5 40. Rb2 Ba6 41. Rb1 Bc8 42. Rb2 Bd7 43. Re2 Bf5 44. Rb2 1/2-1/2


[Site "https://www.chess.com"]

[Event "Titled Tuesday Blitz April 26 Early 2022"]
[White "Ozdemir, Serhan Berat"]
[Black "Petrova, Irina"]
[WhiteFideId "6374611"]
[BlackFideId "14124122"]
[WhiteElo "1920"]
[BlackElo "1993"]
[Result "0-1"]
[Round "03"]
[TimeControl "180+1"]
[Date "2022.04.26"]
[WhiteClock "0:00:03"]
[BlackClock "0:00:56"]

1. e4 c5 2. Nf3 Nc6 3. Bb5 g6 4. Bxc6 dxc6 5. h3 Bg7 6. d3 Nf6 7. O-O Nd7 8. Nbd2 e5 9. a3 Nf8 10. b4 cxb4 11. axb4 Ne6 12. Nc4 Qc7 13. Bb2 Nd4 14. Ra5 b5 15. Ne3 O-O 16. Qa1 Nxf3+ 17. gxf3 Bxh3 18. Re1 Qe7 19. Nf1 h5 20. f4 Qh4 21. Re3 Bxf1 22. Kxf1 exf4 23. Rf3 Qh1+ 24. Ke2 Qxa1 25. Bxa1 Bxa1 26. Rxa1 g5 27. e5 Kg7 28. Rg1 Kh6 29. d4 a5 30. bxa5 Rxa5 31. Kd3 Ra3+ 32. c3 b4 0-1


[Site "https://www.chess.com"]

[Event "Titled Tuesday Blitz April 26 Early 2022"]
[White "Pap, Gyula"]
[Black "Dubov, Daniil"]
[WhiteFideId "725323"]
[BlackFideId "24126055"]
[WhiteElo "2553"]
[BlackElo "2791"]
[Result "0-1"]
[Round "03"]
[TimeControl "180+1"]
[Date "2022.04.26"]
[WhiteClock "0:00:02"]
[BlackClock "0:00:04"]

1. d4 d5 2. c4 c6 3. Nf3 Nf6 4. Nbd2 Bf5 5. Nh4 Be4 6. Qb3 Qc7 7. Nxe4 dxe4 8. g3 Nbd7 9. Bf4 e5 10. dxe5 Qa5+ 11. Bd2 Qxe5 12. Bh3 Nc5 13. Qc3 Qxc3 14. Bxc3 e3 15. f3 Na4 16. Bd4 Bb4+ 17. Kf1 O-O 18. Kg2 Rad8 19. Rhd1 Bd2 20. Nf5 Rxd4 21. Nxd4 Nxb2 22. Rdb1 Bc3 23. Nf5 Nxc4 24. Rc1 Bxa1 25. Rxc4 Nd5 26. Nd6 Rb8 27. f4 Bf6 28. Nc8 Kf8 29. Nxa7 Ra8 30. Nc8 Rxa2 31. Kf3 Nc3 32. Nd6 Rxe2 33. Rxc3 Rf2+ 34. Kxe3 Rxh2 35. Rb3 Rxh3 36. Kf3 b5 37. Re3 g6 38. Re8+ Kg7 39. Rc8 Bc3 40. Rc7 Be1 41. Rxf7+ Kg8 42. Ke2 Bxg3 43. Rd7 Bxf4 44. Nf7 Kf8 45. Nd8 Ke8 46. Rd3 Rxd3 47. Kxd3 Kxd8 0-1


[Site "https://www.chess.com"]

[Event "Titled Tuesday Blitz April 26 Early 2022"]
[White "Papasimakopoulos, Alexandros"]
[Black "Demchenko, Anton"]
[WhiteFideId "4244125"]
[BlackFideId "4160258"]
[WhiteElo "2340"]
[BlackElo "2539"]
[Result "0-1"]
[Round "03"]
[TimeControl "180+1"]
[Date "2022.04.26"]
[WhiteClock "0:00:01"]
[BlackClock "0:00:08"]

1. d4 Nf6 2. c4 d6 3. Nf3 Nc6 4. Nc3 e5 5. Bg5 h6 6. Bh4 g5 7. Bg3 exd4 8. Nxd4 Nxd4 9. Qxd4 Bg7 10. e3 O-O 11. Be2 Bf5 12. Qd2 Ne4 13. Nxe4 Bxe4 14. O-O Qf6 15. b3 Qg6 16. Rac1 f5 17. f3 Bc6 18. Bd3 b6 19. b4 Rad8 20. Qc2 Qe6 21. Rce1 Qf7 22. e4 f4 23. Bf2 Qf6 24. Rd1 Qc3 25. Qb3 a5 26. b5 Bd7 27. Bc2 Be6 28. Bd3 h5 29. h3 g4 30. fxg4 hxg4 31. Qxc3 Bxc3 32. hxg4 Bxg4 33. Rc1 Be5 34. Rc2 Kg7 35. Be2 Bxe2 36. Rxe2 Rh8 37. Rd1 Rh5 38. Bd4 Rdh8 39. Bxe5+ Rxe5 40. Rd5 Kf6 41. Kf2 Rh1 42. Kf3 Rf1+ 43. Kg4 Ke6 44. a3 a4 45. Rxe5+ Kxe5 46. Rb2 Re1 47. Rb4 Rxe4 48. Rxa4 d5 49. Ra8 Rxc4 50. Re8+ Kd6 51. Kf5 Kc5 52. Rd8 Rc2 53. Rg8 Rf2 0-1


[Site "https://www.chess.com"]